 Dungeon Crawl Stone Soup version 0.27-a0-1590-g15f69828bf (webtiles) character file.

Game seed: 11962546527831127923

184 Zonian the Conjurer (level 5, 0/25 HPs)
             Began as a Vine Stalker Conjurer on July 18, 2021.
             Slain by a gnoll (5 damage)
             ... on level 4 of the Dungeon.
             The game lasted 00:07:14 (4297 turns).

Zonian the Conjurer (Vine Stalker Conjurer)         Turns: 4297, Time: 00:07:14

Health: 0/25       AC:  2    Str:  9    XL:     5   Next: 63%
Magic:  0/11       EV: 12    Int: 18    God:
Gold:   103        SH:  0    Dex: 14    Spells: 7/10 levels left

rFire    . . .     SeeInvis .   l - +3 whip (elec)
rCold    . . .     Faith    .   (no shield)
rNeg     . . .     Spirit   +   a - +0 robe
rPois    +         Reflect  .   (no helmet)
rElec    .         Harm     .   (no cloak)
rCorr    .         Rampage  .   (no gloves)
Will     .....                  (no boots)
Stlth    ++........             (no amulet)
HPRegen  1.08/turn              m - ring of poison resistance
MPRegen  0.12/turn              (no ring)

@: no status effects
A: fangs 2, regeneration 1, magic shield, antimagic bite, no potion heal 2
a: no special abilities


You were on level 4 of the Dungeon.
You visited 1 branch of the dungeon, and saw 4 of its levels.

You collected 139 gold pieces.
You spent 36 gold pieces at shops.

Inventory:

Hand Weapons
 e - a +0 dagger
 i - a +1 whip of electrocution
 l - a +3 whip of electrocution (weapon)
Armour
 a - a +0 robe (worn)
Jewellery
 m - a ring of poison resistance (left hand)
Scrolls
 c - 2 scrolls of fog
 h - a scroll of teleportation
Potions
 b - 2 potions of attraction
 d - a potion of heal wounds {unknown}
 f - 2 potions of mutation
 g - a potion of curing


   Skills:
 + Level 0.8 Fighting
 - Level 1.2 Short Blades
 + Level 0.0 Maces & Flails
 + Level 2.0 Dodging
 + Level 3.5 Stealth
 + Level 3.4 Spellcasting
 + Level 5.1 Conjurations


You had 7 spell levels left.
You knew the following spells:

 Your Spells              Type           Power      Damage    Failure   Level
a - Magic Dart            Conj           84%        1d7       1%          1
b - Searing Ray           Conj           42%        3d4       3%          2

Your spell library contained the following spells:

 Spells                   Type           Power      Damage    Failure   Level
 Dazzling Flash           Conj/Hex       24%        N/A       17%         3
 Fulminant Prism          Conj/Hex       6%         3d7       50%         4
 Iskenderun's Mystic Bla  Conj/Tloc      12%        2d5       50%         4


Dungeon Overview and Level Annotations

Branches:
Dungeon (4/15)             Temple (0/1) D:4

Altars:
Ashenzari
Gozag

Shops:
D:3 :   D:4 !

Annotations:
D:4 Dowan, Duvessa, Eustachio


Innate Abilities, Weirdness & Mutations

You have extremely sharp teeth.
Your natural rate of healing is unusually fast.
When hurt, damage is shared between your health and your magic reserves.
Your bite disrupts and absorbs the magic of your enemies.
Potions cannot restore your health.


Message History

The gnoll shouts! x2; You hear a shout!
The magic dart hits the gnoll.
The gnoll is moderately wounded.
An endoplasm comes into view.
The magic dart hits the gnoll.
The gnoll is heavily wounded.
The magic dart hits the gnoll.
The gnoll is heavily wounded.
The magic dart hits the gnoll.
The gnoll is almost dead.
Unknown command.
You hit the gnoll. Lightning courses through the gnoll!!
You kill the gnoll!
The gnoll hits you with a +0 halberd! The gnoll closely misses you.
You see here a +0 club.
Unknown command.
You hit the gnoll.
The gnoll is moderately wounded.
The gnoll barely misses you. x2
The endoplasm freezes you.
You are frozen.
The gnoll hits you with a +0 spear. The gnoll misses you.
You barely miss the gnoll. You bite the gnoll. You drain its power.
You feel invigorated.
The gnoll is moderately wounded.
The endoplasm barely misses you. The gnoll hits you with a +0 spear.
The gnoll hits you with a +0 halberd.
Unknown command.
You barely miss the gnoll.
The gnoll is moderately wounded.
The endoplasm hits you but does no damage.
The gnoll hits you but does no damage. The gnoll barely misses you.
You hit the gnoll. You bite the gnoll, but do no damage.
The gnoll is heavily wounded.
The endoplasm barely misses you. The gnoll hits you with a +0 spear.
The gnoll hits you with a +0 halberd!
* * * LOW HITPOINT WARNING * * *
Unknown command.
The gnoll closely misses you. The gnoll barely misses you.
The gnoll hits you from afar with a +0 halberd.
You die...

......######..###
.........#......# .
................# .### .
..###...........# .##.#.
..#_#.........### ......
..#+#.....)...##
#...##### #####.g....#
#....#).#.# #..Jg...#
##....#....# ##@##..##
.#........#####.....##
..g....##....#..........
....#.>.##.†.......w....
...##..###g............#
....##.##..####.......##
#(.....##..# #..#....#
#..##......#####.....##
#.#.#.).......†.


You could see a worm (wandering), 2 gnolls and an endoplasm.

Vanquished Creatures
  Robin (D:2)
  3 gnolls (D:4)
  5 adders
  An adder skeleton (D:4)
  3 worms
  A dart slug (D:1)
  5 orcs
  5 endoplasms
  3 giant cockroaches
  13 goblins
  6 hobgoblins
  6 jackals
  5 kobolds
  6 quokkas
  7 ball pythons
  2 bats
  2 rats
74 creatures vanquished.

Vanquished Creatures (others)
  3 plants (D:4)
3 creatures vanquished.

Grand Total: 77 creatures vanquished

Notes
Turn   | Place    | Note
-------+----------+-------------------------------------------
     0 | D:1      | Zonian the Vine Stalker Conjurer began the quest for the
                  | Orb.
     0 | D:1      | Reached XP level 1. HP: 9/9 MP: 4/4
   488 | D:1      | Reached XP level 2. HP: 13/13 MP: 3/6
   491 | D:1      | Learned a level 2 spell: Searing Ray
   652 | D:1      | Found a faded altar of an unknown god.
  1141 | D:2      | Reached XP level 3. HP: 16/16 MP: 1/7
  1871 | D:2      | Noticed Robin
  1928 | D:2      | Killed Robin
  1929 | D:2      | Gained mutation: Your natural rate of healing is unusually
                  | fast. [Vine Stalker growth]
  1929 | D:2      | Reached XP level 4. HP: 21/21 MP: 1/9
  2937 | D:3      | Found Yloleo's Book Boutique.
  3444 | D:4      | Found a staircase to the Ecumenical Temple.
  3460 | D:4      | Reached XP level 5. HP: 25/25 MP: 5/10
  3466 | D:4      | Reached skill level 1 in Short Blades
  3537 | D:4      | Reached skill level 5 in Conjurations
  3731 | D:4      | Noticed Eustachio
  3731 | D:4      | Found the +10 tower shield of Ignorance {rN+ Int-4}
  3744 | D:4      | Found an opulent altar of Gozag.
  4140 | D:4      | Found Vadghim's Distillery.
  4143 | D:4      | Bought a potion of curing for 36 gold pieces
  4146 | D:4      | Noticed Duvessa
  4147 | D:4      | Noticed Dowan
  4278 | D:4      | Found a broken altar of Ashenzari.
  4297 | D:4      | Slain by a gnoll

Illustrated notes

Levels and vault maps discovered:
D:1:      saegor_arrival_simple_c, layout_basic,
          dreamdust_ecumenical_altar_grove
D:2:      layout_basic, uniq_robin
D:3:      layout_rooms, serial_shops, shop
D:4:      layout_cave_pools, ashenzari_conservatory_becter,
          mainiacjoe_overflow_paths, minmay_temple_entry_purple_smoke,
          serial_shops, shop, serial_bayou_pond_b, wad_orctagon, uniq_eustachio,
          uniq_duvessa

Skill      XL: |  1  2  3  4  5 |
---------------+----------------+-----
Stealth        | 3 |  3.5
Spellcasting   | 3 |  3.4
Short Blades   | 1 |  1.2
Conjurations   | 5 |  5.1
Dodging        | 2 |  2.0
Fighting       | |  0.8

Action                   |  1- 3 |  4- 6 || total
-------------------------+-------+-------++-------
Melee: Bite              |     2 |     6 ||     8
       Unarmed           |     1 |       ||     1
       Dagger            |    10 |       ||    10
       Whip              |       |    36 ||    36
 Cast: Magic Dart        |    89 |    72 ||   161
       Searing Ray       |     1 |       ||     1
  Use: Scroll            |     5 |     5 ||    10
 Stab: Sleeping          |     1 |     2 ||     3
Armor: Robe              |     4 |     4 ||     8
Dodge: Dodged            |    10 |    25 ||    35

Table legend: (Time is in decaauts)
 A = Elapsed time spent in this place.
 B = Non-inter-level travel time spent in this place.
 C = Inter-level travel time spent in this place.
 D = Time resting spent in this place.
 E = Time spent auto-exploring this place.
 F = Levels seen in this place.
 G = Mean time per level.
                   A        B        C        D        E       F      G
               +--------+--------+--------+--------+--------+-----+--------+
         Total |   4298 |   4193 |    105 |   1472 |   2113 |   4 | 1074.5 |
       Dungeon |   4298 |   4193 |    105 |   1472 |   2113 |   4 | 1074.5 |
               +--------+--------+--------+--------+--------+-----+--------+

Top non-repeatable levels by time:
     D:2: 1790 daAuts
     D:1: 963 daAuts
     D:4: 786 daAuts
     D:3: 758 daAuts
